 Dungeon Crawl Stone Soup version 0.24.0-10-g970556be89 (webtiles) character file.

Game seed: 3659126525269352675, levelgen mode: deterministic

16405 Bombadil the Destroyer (level 12, -2/66 HPs)
             Began as a Tengu Fire Elementalist on Nov 3, 2019.
             Was a High Priest of Vehumet.
             Shot with an arrow by a centaur warrior (26 damage)
             ... on level 13 of the Dungeon on Nov 4, 2019.
             The game lasted 00:51:26 (18316 turns).

Bombadil the Destroyer (Tengu Fire Elementalist)   Turns: 18316, Time: 00:51:27

Health: -2/66      AC:  7    Str: 14    XL:     12   Next: 37%
Magic:  26/26      EV: 19    Int: 20    God:    Vehumet [*****.]
Gold:   778        SH:  0    Dex: 20    Spells: 7/29 levels left

rFire    . . .     SeeInvis .   b - staff of conjuration
rCold    . . .     Gourm    .   (no shield)
rNeg     + . .     Faith    .   N - +1 leather armour of Happiness {Str+6}
rPois    .         Spirit   .   (helmet restricted)
rElec    .         Reflect  .   (no cloak)
rCorr    .         Harm     .   R - +2 pair of gloves
MR       .....                  (boots unavailable)
Stlth    +++.......             P - amulet of regeneration
HPRegen  0.61/turn              M - ring of positive energy
MPRegen  0.20/turn              H - +4 ring of dexterity

@: flying quickly and evasively, quick
A: beak, talons 3, able to fly
a: Stop Flying, Renounce Religion


You were on level 13 of the Dungeon.
You worshipped Vehumet.
Vehumet was extremely pleased with you.
You were very hungry.

You visited 3 branches of the dungeon, and saw 15 of its levels.

You collected 960 gold pieces.
You spent 182 gold pieces at shops.

Inventory:

Hand Weapons
 a - the +2 rapier "Ishod" {antimagic, +Inv rC+ Dex+2}
   (You found it on level 8 of the Dungeon)

   It reduces the magical energy of the wielder, and disrupts the spells and
   magical abilities of those hit.
   Natural abilities and divine invocations are not affected.
   It affects your dexterity (+2).
   It protects you from cold.
   It lets you turn invisible.
 f - a +0 whip
 l - a +1 dagger of venom
Missiles
 g - 22 poisoned darts (quivered)
 E - 3 throwing nets
Armour
 I - a +0 robe
 N - the +1 leather armour of Happiness (worn) {Str+6}
   (You found it on level 12 of the Dungeon)

   It affects your strength (+6).
 Q - a +0 leather armour
 R - a +2 pair of gloves (worn)
 T - +0 acid dragon scales
Magical Staves
 b - an uncursed staff of conjuration (weapon)
Jewellery
 H - a +4 ring of dexterity (right hand)
 M - a ring of positive energy (left hand)
 O - the ring "Tuivoom" {*Tele Dex+3}
   (You found it on level 11 of the Dungeon)

   [ring of teleportation]

   It may teleport you next to monsters.
   It affects your dexterity (+3).
 P - an amulet of regeneration (around neck)
Wands
 y - a wand of paralysis (16)
 B - a wand of polymorph (7)
 F - a wand of scattershot (5)
 K - a wand of disintegration (3)
Scrolls
 e - 4 scrolls of noise {unknown}
 h - 5 scrolls of teleportation {unknown}
 i - 5 scrolls of fog
 k - 3 scrolls of enchant weapon
 m - 2 scrolls of enchant armour {unknown}
 n - 5 scrolls of remove curse
 r - 3 scrolls of amnesia {unknown}
 v - 3 scrolls of fear
 A - 2 scrolls of random uselessness {unknown}
 D - 2 scrolls of vulnerability {unknown}
 J - 3 scrolls of blinking {unknown}
 L - a scroll of silence {unknown}
Potions
 j - 2 potions of agility
 p - 2 potions of magic
 q - 2 potions of resistance
 s - 6 potions of curing
 t - a potion of haste
 u - a potion of brilliance
 w - a potion of cancellation
 x - a potion of might
 z - a potion of degeneration
 C - 2 potions of heal wounds
 G - a potion of ambrosia
Miscellaneous
 d - a lightning rod (4/4)
Comestibles
 c - 18 rations


   Skills:
 + Level 4.0 Fighting
 + Level 1.6 Short Blades
 + Level 5.0 Maces & Flails
 + Level 0.7(3.2) Staves
 + Level 2.5 Armour
 + Level 6.3 Dodging
 + Level 4.1 Stealth
 + Level 9.3 Spellcasting
 + Level 14.2 Conjurations
 + Level 0.7 Hexes
 + Level 10.1 Fire Magic


You had 7 spell levels left.
You knew the following spells:

 Your Spells              Type           Power        Failure   Level  Hunger
a - Flame Tongue          Conj/Fire      #####        1%          1    None
b - Conjure Flame         Conj/Fire      ######..     1%          3    None
c - Sticky Flame          Conj/Fire      ######..     1%          4    ###....
d - Fireball              Conj/Fire      ######....   1%          5    #####..
e - Inner Flame           Hex/Fire       ####....     1%          3    None
f - Mephitic Cloud        Conj/Pois/Air  #####...     1%          3    None
g - Ignite Poison         Fire/Tmut/Pois ###.....     1%          3    None

Your spell library contained the following spells:

 Spells                   Type           Power        Failure   Level  Hunger
 Magic Dart               Conj           ####         1%          1    None
 Searing Ray              Conj           ######       1%          2    None
 Throw Flame              Conj/Fire      ######       1%          2    None
 Dazzling Spray           Conj/Hex       ######       1%          3    None
 Force Lance              Conj/Tloc      ######..     1%          4    ###....
 Fulminant Prism          Conj/Hex       ######....   1%          4    ###....
 Iskenderun's Mystic Bla  Conj           #######.     1%          4    ###....
 Infusion                 Chrm           #...         9%          1    None
 Summon Small Mammal      Summ           #...         9%          1    None
 Call Imp                 Summ           #.......     14%         2    None
 Shroud of Golubria       Chrm/Tloc      #.....       14%         2    None
 Song of Slaying          Chrm           #.......     14%         2    None
 Spectral Weapon          Hex/Chrm       ##......     24%         3    None
 Summon Guardian Golem    Hex/Summ       ##......     24%         3    None
 Call Canine Familiar     Summ           #.......     26%         3    None
 Regeneration             Chrm/Necr      #.........   26%         3    None
 Summon Ice Beast         Ice/Summ       #.......     65%         4    ###....
 Summon Lightning Spire   Summ/Air       #.......     65%         4    ###....


Dungeon Overview and Level Annotations

Branches:
Dungeon (13/15)            Temple (1/1) D:5            Lair (0/6) D:8
    Orc (1/2) D:10
 Vaults: D:13-14

Altars:
Ashenzari
Cheibriados
Dithmenos
Elyvilon
Fedhas
Gozag
Hepliaklqana
Kikubaaqudgha
Makhleb
Nemelex Xobeh
Okawaru
Qazlal
Ru
Sif Muna
Trog
Uskayaw
Vehumet
Wu Jian
Xom
Yredelemnul
Zin
The Shining One

Shops:
D:5 *   D:9 =!!   D:13 *

Annotations:
D:5 2 runed translucent doors, EnegeticOcto's ghost, novice GnAE
D:10 2 transporters, Acheron's ghost, novice OpHu
D:12 1 runed translucent door, exclusion: orange crystal statue
Orc:1 2 transporters, Erica; duckroller's ghost, journeyman HOMo


Innate Abilities, Weirdness & Mutations

You have a beak for a mouth.
You have claws for feet.
You can fly continuously.


Message History

You kill the manticore!
Vehumet accepts your kill.
You feel your power returning.
You start resting.
HP restored.
You start resting.
Magic restored.
You see here a stone.
There is a stone staircase leading down here.
You fly downwards.
A centaur warrior comes into view.
The centaur warrior shouts!
You hear a bellow!
The centaur warrior wields a +0 longbow.
The centaur warrior shoots an arrow.
The arrow hits you!!
The centaur warrior shoots an arrow.
The arrow hits you!
You hear a bellow!
You hear a shout! x2
There is a stone staircase leading up, spattered with blood here.
You see here 2 arrows.
The centaur warrior shoots an arrow.
The arrow hits you!!
You die...

## .# .# .#
###.######
#.@...c...
#......##.#####
..##### # #..


You could see a centaur warrior.

Vanquished Creatures
  3 two-headed ogres (D:11)
  An ugly thing (D:11)
  A cyclops (D:11)
  3 manticores
  A troll (D:10)
  6 hippogriffs
  2 slime creatures
  A vampire (D:11)
  A shadow (D:10)
  2 wyverns
  17 yaks
  4 vampire mosquitoes
  An acid dragon (D:12)
  2 porcupines (D:8)
  2 black bears
  5 orc warriors
  5 sky beasts
  4 ice beasts
  9 ogres
  2 necrophages
  4 centaurs
  3 crocodiles
  2 big kobolds
  18 bullfrogs
  A water moccasin zombie (D:5)
  5 killer bees
  4 scorpions
  8 wights
  An electric eel (D:10)
  5 howler monkeys
  7 crimson imps
  A quasit (D:11)
  2 centaur zombies (D:12)
  9 hounds
  7 orc priests
  4 jellies
  3 bullfrog skeletons
  A centaur skeleton (D:7)
  4 iguanas
  8 orc wizards
  6 worker ants
  A hound zombie (D:6)
  A worker ant zombie (D:7)
  15 adders
  A shadow imp (D:7)
  2 oozes
  2 adder zombies
  2 worms (D:2)
  A dart slug (D:1)
  11 leopard geckos
  50 orcs
  7 bats
  3 giant cockroaches
  5 goblins
  7 hobgoblins
  9 jackals
  6 quokkas
  6 frilled lizards
  A jackal zombie (D:8)
  12 kobolds
  2 leopard gecko zombies
  A quokka skeleton (D:7)
  8 rats
328 creatures vanquished.

Vanquished Creatures (others)
  9 fungi (D:8)
  A plant (D:8)
10 creatures vanquished.

Grand Total: 338 creatures vanquished

Notes
Turn   | Place    | Note
-------+----------+-------------------------------------------
     0 | D:1      | Bombadil the Tengu Fire Elementalist began the quest for
                  | the Orb.
     0 | D:1      | Reached XP level 1. HP: 10/10 MP: 4/4
    90 | D:1      | Reached XP level 2. HP: 15/15 MP: 0/6
   556 | D:1      | Reached XP level 3. HP: 8/19 MP: 1/7
   742 | D:1      | Learned a level 3 spell: Conjure Flame
   960 | D:1      | Reached skill level 2 in Conjurations
  1636 | D:2      | Reached XP level 4. HP: 20/24 MP: 5/8
  2243 | D:2      | Reached skill level 3 in Conjurations
  2543 | D:3      | Gained mutation: You can fly continuously. [Tengu growth]
  2543 | D:3      | Reached XP level 5. HP: 28/28 MP: 7/10
  2614 | D:3      | Learned a level 4 spell: Sticky Flame
  4155 | D:3      | Reached XP level 6. HP: 11/32 MP: 0/11
  4337 | D:4      | Reached skill level 5 in Fire Magic
  4598 | D:4      | Reached skill level 4 in Conjurations
  4638 | D:4      | Found a shadowy altar of Dithmenos.
  5506 | D:5      | Entered Level 5 of the Dungeon
  5577 | D:5      | Found a staircase to the Ecumenical Temple.
  5664 | Temple   | Entered the Ecumenical Temple
  5694 | Temple   | Became a worshipper of Vehumet
  5823 | D:5      | Reached XP level 7. HP: 37/37 MP: 10/13
  5825 | D:5      | Reached skill level 5 in Conjurations
  6030 | D:5      | Found Gaadug's General Store.
  6037 | D:5      | Bought a potion of heal wounds for 70 gold pieces
  6037 | D:5      | Bought a potion of magic for 112 gold pieces
  6046 | D:5      | Reached skill level 1 in Maces & Flails
  6362 | D:5      | Found a large runed translucent door.
  6363 | D:5      | Found a large runed translucent door.
  6366 | D:5      | Noticed EnegeticOcto's ghost (novice GnAE)
  6562 | D:5      | Reached skill level 1 in Fighting
  6562 | D:5      | Reached skill level 6 in Conjurations
  6750 | D:5      | HP: 1/38 [crimson imp (3)]
  7228 | D:6      | Reached XP level 8. HP: 43/43 MP: 10/15
  7735 | D:6      | Noticed a hippogriff
  7750 | D:6      | Killed a hippogriff
  7802 | D:6      | Reached skill level 7 in Conjurations
  8038 | D:7      | Noticed a yak
  8038 | D:7      | Noticed a yak
  8042 | D:7      | Noticed a yak
  8052 | D:6      | Killed a yak
  8147 | D:7      | Reached * piety under Vehumet
  8147 | D:7      | Offered knowledge of Freeze by Vehumet.
  8207 | D:7      | Reached XP level 9. HP: 49/49 MP: 9/17
  8429 | D:7      | Reached skill level 5 in Spellcasting
  8429 | D:7      | Reached skill level 8 in Conjurations
  8909 | D:7      | Reached skill level 9 in Conjurations
  9310 | D:8      | Reached skill level 10 in Conjurations
  9310 | D:8      | Reached XP level 10. HP: 56/56 MP: 15/20
  9413 | D:7      | Reached skill level 5 in Dodging
  9714 | D:7      | Reached ** piety under Vehumet
  9784 | D:7      | Offered knowledge of Sting by Vehumet.
 10550 | D:8      | Reached skill level 5 in Maces & Flails
 10584 | D:8      | Found a staircase to the Lair.
 10597 | D:8      | Reached skill level 11 in Conjurations
 11120 | D:8      | You are sucked into a shaft and drop 3 floors!
 11157 | D:10     | Entered Level 10 of the Dungeon
 11509 | D:10     | Offered knowledge of Stone Arrow by Vehumet.
 12302 | D:10     | Learned a level 5 spell: Fireball
 12485 | D:10     | Found a staircase to the Orcish Mines.
 12783 | D:9      | Reached *** piety under Vehumet
 12930 | D:10     | Reached skill level 12 in Conjurations
 12930 | D:10     | Reached XP level 11. HP: 35/60 MP: 14/23
 13147 | D:9      | Learned a level 3 spell: Inner Flame
 13286 | D:9      | Found Mezaodeh's Distillery.
 13365 | D:8      | Got a crude rapier
 13366 | D:8      | Identified the +2 rapier "Ishod" {antimagic, +Inv rC+
                  | Dex+2} (You found it on level 8 of the Dungeon)
 13416 | D:8      | Offered knowledge of Mephitic Cloud by Vehumet.
 13425 | D:8      | Learned a level 3 spell: Mephitic Cloud
 14001 | D:9      | Found Jotied's Jewellery Emporium.
 14169 | D:9      | Found Wuorill's Distillery.
 14351 | D:10     | Noticed Acheron's ghost (novice OpHu)
 14366 | D:10     | Found a transporter.
 14370 | D:10     | Found a transporter.
 14575 | D:11     | Got a wavering brass ring
 14663 | D:11     | Noticed a purple ugly thing
 15030 | D:11     | Reached **** piety under Vehumet
 15030 | D:11     | Reached skill level 1 in Short Blades
 15030 | D:11     | Noticed a two-headed ogre
 15165 | D:11     | Killed a purple ugly thing
 15290 | D:11     | Offered knowledge of Ignite Poison by Vehumet.
 15295 | D:11     | Reached skill level 1 in Armour
 15295 | D:11     | Reached skill level 13 in Conjurations
 15495 | D:11     | Noticed a cyclops
 15495 | D:11     | Noticed a two-headed ogre
 15514 | D:11     | Killed a two-headed ogre
 15515 | D:11     | Killed a cyclops
 15546 | D:11     | Noticed a manticore
 15566 | D:11     | Killed a manticore
 15817 | D:11     | Noticed a two-headed ogre
 15840 | D:11     | Killed a two-headed ogre
 16021 | D:11     | Killed a two-headed ogre
 16105 | D:11     | Reached XP level 12. HP: 66/66 MP: 8/25
 16756 | D:12     | Identified the ring "Tuivoom" {*Tele Dex+3} (You found it
                  | on level 11 of the Dungeon)
 16989 | D:12     | Got a dazzling leather armour
 17000 | D:12     | Identified the +1 leather armour of Happiness {Str+6} (You
                  | found it on level 12 of the Dungeon)
 17139 | D:12     | Reached skill level 14 in Conjurations
 17405 | D:12     | Reached skill level 10 in Fire Magic
 17525 | D:12     | Found a runed translucent door.
 17701 | Orc:1    | Entered Level 1 of the Orcish Mines
 17706 | Orc:1    | Learned a level 3 spell: Ignite Poison
 17800 | Orc:1    | Found a transporter.
 17805 | Orc:1    | Noticed duckroller's ghost (journeyman HOMo)
 17988 | Orc:1    | Reached ***** piety under Vehumet
 18006 | Orc:1    | Noticed Erica
 18007 | Orc:1    | Found a transporter.
 18180 | D:13     | Found Osuz's Mayhem Merchandise.
 18315 | D:13     | Noticed a centaur warrior
 18316 | D:13     | Shot with an arrow by a centaur warrior

Levels and vault maps discovered:
D:1:      dpeg_arrival_leaves_temple_mockup, layout_loops_ring,
          solitary_fountain
D:2:      layout_loops_ring
D:3:      layout_basic
D:4:      layout_basic, nicolae_dithmenos_shadow_blocks, first_ration,
          hangedman_abyss_or_decor_slice
D:5:      layout_loops_cross, minmay_temple_entry_ruins, serial_shops, shop,
          ebering_ghost_disaster_area
D:6:      minmay_cornered_nines, layout_rooms, minmay_crystal_room
D:7:      minmay_opposing_rooms, layout_basic, grunt_ogre_cave
D:8:      layout_rooms, due_lair_maze_entry_diamond
D:9:      layout_long_grid, serial_shops, nicolae_shop_stone, shop,
          nicolae_shop_statue_plus, minmay_joined_circles
D:10:     layout_big_octagon, gammafunk_ghost_hive, serial_co_window_serial,
          co_window_paths_a, co_window_of_opportunity_a, co_window_paths_b,
          co_window_corner_a, co_window_paths_b, co_window_corner_a,
          co_window_corner_a, co_window_paths_c, co_window_corner_cb,
          co_window_broadway_b, co_window_of_opportunity_c,
          co_window_broadway_c, glass_columns_c
D:11:     layout_loops_ring, minmay_bent
D:12:     layout_basic, minmay_crystal_box
D:13:     layout_roguey, basic_altar, drop_trap, minmay_shop_mayhem
Temple:   dpeg_three_leaves_temple
Orc:1:    cheibrodos_orc_bank, layout_caves, gammafunk_ghost_stat_death,
          uniq_erica

Skill      XL: |  1  2  3  4  5  6  7  8  9 10 11 12 |
---------------+-------------------------------------+-----
Fire Magic     | 4 5 6 7 8 9 10 | 10.1
Conjurations   | 2 3 4 6 7 10 12 13 14 | 14.2
Spellcasting   | 3 4 6 7 8 9 |  9.3
Maces & Flails | 1 3 4 5 |  5.0
Dodging        | 3 4 5 6 |  6.3
Fighting       | 1 2 3 4 |  4.0
Stealth        | 3 4 |  4.1
Short Blades   | 1 |  1.6
Armour         | 1 2 |  2.5
Staves         | |  0.7
Hexes          | |  0.7

Action                   |  1- 3 |  4- 6 |  7- 9 | 10-12 || total
-------------------------+-------+-------+-------+-------++-------
Melee: Whip              |    19 |    64 |   136 |    10 ||   229
       Kick              |     2 |    16 |    22 |    16 ||    56
       Peck              |     1 |     6 |    23 |    12 ||    42
       Dagger            |       |       |       |    28 ||    28
       Staff             |       |       |       |    34 ||    34
       Rapier            |       |       |       |     8 ||     8
 Cast: Flame Tongue      |    61 |    71 |    51 |   285 ||   468
       Sticky Flame      |       |    11 |    37 |    83 ||   131
       Conjure Flame     |       |       |     4 |    26 ||    30
       Fireball          |       |       |       |    24 ||    24
       Inner Flame       |       |       |       |     9 ||     9
 Abil: Fly               |       |     1 |       |       ||     1
  Use: Potion            |       |       |       |     8 ||     8
       Scroll            |       |       |       |    13 ||    13
  Eat: Chunk             |     2 |    14 |     8 |    36 ||    60
       Ration            |       |     1 |     3 |     1 ||     5
Armor: Robe              |     7 |     9 |    14 |     8 ||    38
       Skin              |       |       |       |    20 ||    20
       Leather armour    |       |       |       |    21 ||    21
       Acid dragon scale |       |       |       |     1 ||     1
Dodge: Dodged            |    24 |    84 |   122 |   278 ||   508
